AoeStats
← THL

Arabia

507403932Analyzed
1v1 RM · 14d ago on Sep 18, 2026· 45m 18s· 2 players
Game mode
Random Map
Map size
Tiny (2 player)
Population
200
Speed
Normal
Resources
Standard
Victory
Conquest
Starting age
Dark Age
Ending age
Imperial Age
RankedLock teamsTeams togetherTeam positionsShared explorationLock speedFull tech treeHidden civsTurbo modeCheats
Victory
Defeat
🇦🇷 Celts · Argentina
1920
+11
🇻🇳 Malay · Vietnam
1797
-11
THL
6:56 Loom
10:38 Feudal Age
10:36 Double-Bit Axe
19:48 Castle Age
18:50 Light Cavalry
eduv
10:32 Feudal Age
11:14 Loom
14:34 Castle Age
12:59 Double-Bit Axe
15:30 Bow Saw
24:53 Town Watch
35:06 Horse Collar
42:53 Wheelbarrow
42:25 Heavy Plow
44:23 Hand Cart
Connection lost

Rejoining the realm…

Still unreachable

The connection could not be restored.

Session expired

The server has moved on; the page needs a fresh start.